 Dungeon Crawl Stone Soup version 0.22.0-6-g71bd7aa (webtiles) character file.

9220 Gorice the Carver (level 11, -1/84 HPs)
             Began as a Demonspawn Wanderer on Aug 14, 2018.
             Was a High Priest of Okawaru.
             Slain by a komodo dragon (24 damage)
             ... on level 2 of the Lair of Beasts.
             The game lasted 00:52:48 (14914 turns).

Gorice the Carver (Demonspawn Wanderer)            Turns: 14914, Time: 00:52:48

Health: -1/84      AC: 19    Str: 14    XL:     11   Next: 20%
Magic:  12/12      EV:  4    Int: 15    God:    Okawaru [*****.]
Gold:   863        SH:  0    Dex: 13    Spells: 8/10 levels left

rFire    . . .     SeeInvis .   a - +1 falchion (freeze)
rCold    . . .     Gourm    +   (no shield)
rNeg     . . .     Faith    .   M - +0 plate armour
rPois    +         Spirit   .   (helmet restricted)
rElec    .         Reflect  .   J - +0 cloak
rCorr    .         Harm     .   y - +0 pair of gloves
MR       +....                  (no boots)
Stlth    ..........             o - amulet of the gourmand
HPRegen  0.24/turn              p - ring of poison resistance
MPRegen  0.13/turn              m - ring of protection from magic

@: no status effects
A: horns 1, thin metallic scales 2, demonic guardian 1, nightstalker 3
a: Heroism, Finesse, Renounce Religion


You were on level 2 of the Lair of Beasts.
You worshipped Okawaru.
Okawaru was extremely pleased with you.
You were completely stuffed.

You visited 3 branches of the dungeon, and saw 12 of its levels.
You also visited: Sewer and Bailey.

You collected 1011 gold pieces.
You spent 148 gold pieces at shops.

Inventory:

Hand Weapons
 a - a +1 falchion of freezing (weapon)
   (You took it off an orc on level 4 of the Dungeon)
 r - a +0 long sword
 B - a +0 blowgun
Missiles
 v - 41 tomahawks of returning
 O - 3 tomahawks (quivered)
 T - 8 needles of confusion
 Y - 421 stones
Armour
 y - a +0 pair of gloves (worn)
 J - a +0 cloak (worn)
 M - a +0 plate armour (worn)
Jewellery
 m - a ring of protection from magic (right hand)
 o - an amulet of the gourmand (around neck)
 p - a ring of poison resistance (left hand)
Wands
 b - a wand of disintegration (12)
 k - a wand of iceblast (7)
 D - a wand of flame (26)
 E - a wand of acid (10)
 P - a wand of paralysis (6)
 R - a wand of scattershot (7)
Scrolls
 d - 7 scrolls of remove curse
 i - a scroll of identify
 l - a scroll of enchant weapon
 C - a scroll of fog
 L - 3 scrolls of teleportation {!r}
Potions
 e - 3 potions of haste {!q}
 h - 3 potions of agility {!q}
 j - a potion of invisibility {!q}
 q - 5 potions of might {!q}
 s - 2 potions of lignification {unknown}
 x - 2 potions of magic {!q}
 A - a potion of berserk rage
 F - 6 potions of heal wounds {!q}
 G - 8 potions of flight
 H - 6 potions of curing
Miscellaneous
 g - a sack of spiders
Comestibles
 c - 2 chunks of flesh
 f - 26 rations


   Skills:
 + Level 7.1 Fighting
 + Level 13.1 Long Blades
 + Level 7.9 Armour
 - Level 1.0 Stealth
   Level 1.0 Shields
 - Level 2.0 Invocations
 - Level 1.0 Evocations


You had 8 spell levels left.
You knew the following spells:

 Your Spells              Type           Power        Failure   Level  Hunger
A - Apportation           Tloc           #.....       100%        1    ##.....
B - Summon Butterflies    Summ           #.......     100%        1    ##.....

Your spell library contained the following spells:

 Spells                   Type           Power        Failure   Level  Hunger
 Invisibility             Hex            #.......     100%        6    #######
 Tukima's Dance           Hex            #.......     100%        3    ####...
 Alistair's Intoxication  Tmut/Pois      #.......     100%        5    ######.
 Lesser Beckoning         Tloc           #.........   100%        3    ####...


Dungeon Overview and Level Annotations

Branches:
Dungeon (9/15)             Temple (1/1) D:4            Lair (2/6) D:8
  Swamp: Lair:2-4    Shoals: Lair:2-4     Snake: Lair:2-4    Spider: Lair:2-4
    Orc: D:9-12

Altars:
Ashenzari
Cheibriados
Dithmenos
Elyvilon
Fedhas
Gozag
Hepliaklqana
Kikubaaqudgha
Makhleb
Nemelex Xobeh
Okawaru
Qazlal
Ru
Sif Muna
Trog
Uskayaw
Vehumet
Wu Jian
Xom
Yredelemnul
Zin
The Shining One

Shops:
D:5 *   D:7 ?

Annotations:
Lair:1 vpUX: oklobs guarding minor loot, exclusion: 2 oklob plants


Innate Abilities, Weirdness & Mutations

You have a pair of small horns on your head.
You are mostly covered in thin metallic scales. (AC +3)
A weak demonic guardian rushes to your aid.
You are completely attuned to the shadows.


Message History

Your quasit barely misses the komodo dragon.
You hit the komodo dragon but do no damage.
The komodo dragon is heavily wounded.
Your quasit closely misses the komodo dragon.
Your quasit barely misses the komodo dragon.
Your quasit claws the komodo dragon but does no damage.
The komodo dragon bites you!!
* * * LOW HITPOINT WARNING * * *
Damage: 20 (max 20)
You completely miss the komodo dragon.
The komodo dragon is heavily wounded.
Your quasit bites the komodo dragon.
Your quasit claws the komodo dragon but does no damage.
Your quasit barely misses the komodo dragon.
You slash the komodo dragon! You freeze the komodo dragon.
You headbutt the komodo dragon, but do no damage.
The komodo dragon is almost dead.
Your quasit bites the komodo dragon but does no damage.
Your quasit barely misses the komodo dragon.
Your quasit claws the komodo dragon but does no damage.
You hit the komodo dragon. You freeze the komodo dragon.
You headbutt the komodo dragon, but do no damage.
The komodo dragon is almost dead.
The komodo dragon bites you!
* * * LOW HITPOINT WARNING * * *
Damage: 7 (max 20) Unknown command.
You barely miss the komodo dragon.
The komodo dragon is almost dead.
Your quasit bites the komodo dragon but does no damage.
Your quasit claws the komodo dragon but does no damage. x2
You closely miss the komodo dragon.
You headbutt the komodo dragon, but do no damage.
The komodo dragon is almost dead.
Your quasit bites the komodo dragon but does no damage.
Your quasit claws the komodo dragon but does no damage.
Your quasit barely misses the komodo dragon.
The komodo dragon bites you.
* * * LOW HITPOINT WARNING * * *
Damage: 2 (max 20)
You hit the komodo dragon but do no damage.
The komodo dragon is almost dead.
Your quasit bites the komodo dragon but does no damage.
Your quasit claws the komodo dragon but does no damage.
Your quasit closely misses the komodo dragon.
You catch the helpless komodo dragon completely off-guard!
You hit the komodo dragon but do no damage.
The komodo dragon is almost dead.
The komodo dragon bites you!!
You die...

# # #### ####### ##### ##.#
###..####.#..P###..P### ....
.....<@................ ....
.....l5................ .....
.....##.#.............. .##P.
...(...##.............. .#...
......####...(.....##.. .....
......P##........#.....
.P.............#####.......P.....
.P....#.........####.......P.....
...............#.P#.....>..P.....


You could see a komodo dragon and a friendly quasit.

Vanquished Creatures
  A hydra (Lair:1)
  An orc knight (Bailey)
  An elephant (Lair:2)
  A black mamba (Lair:1)
  2 spiny frogs (Lair:1)
  A komodo dragon (Lair:2)
  3 hippogriffs
  6 yaks
  2 water moccasins (D:5)
  6 porcupines
  A hornet zombie (D:9)
  8 orc warriors
  3 ogres
  4 sky beasts
  A black bear (D:8)
  3 phantoms
  A necrophage (D:9)
  4 centaurs
  Blork the orc (D:4)
  7 bullfrogs
  3 scorpions
  A wyvern skeleton (D:7)
  A wight (D:5)
  4 howler monkeys
  3 crimson imps
  A bullfrog zombie (D:5)
  2 quasits
  3 orc priests
  3 hounds
  3 bullfrog skeletons
  A centaur skeleton (D:6)
  An iguana (D:9)
  4 orc wizards
  Natasha (twice) (D:2)
  7 worker ants
  12 adders
  9 gnolls
  2 shadow imps
  2 oozes
  5 adder skeletons
  A worm (D:5)
  2 dart slugs
  4 leopard geckos
  42 orcs
  4 ball pythons
  10 giant cockroaches
  12 goblins
  10 hobgoblins
  12 jackals
  4 quokkas
  3 bats
  11 frilled lizards
  32 kobolds
  A quokka skeleton (D:8)
  10 rats
284 creatures vanquished.

Vanquished Creatures (collateral kills)
  A hungry ghost (D:4)
  A sky beast (D:6)
  An ogre (D:6)
  A crocodile (Lair:2)
  A scorpion (D:4)
  A gnoll (Bailey)
  A hobgoblin (Bailey)
  A kobold (Bailey)
8 creatures vanquished.

Vanquished Creatures (others)
  2 fungi (Lair:1)
  4 plants
6 creatures vanquished.

Grand Total: 298 creatures vanquished

Notes
Turn   | Place    | Note
-------+----------+-------------------------------------------
     0 | D:1      | Gorice the Demonspawn Wanderer began the quest for the Orb.
     0 | D:1      | Gorice set off with: a +2 falchion, a potion of curing, a wand of random effects (15), a +0 robe, a ration
     0 | D:1      | Reached XP level 1. HP: 22/22 MP: 1/1
   100 | D:1      | Reached skill level 2 in Long Blades
   100 | D:1      | Gained mutation: You are slightly more attuned to the shadows. [demonic ancestry]
   100 | D:1      | Reached XP level 2. HP: 24/28 MP: 2/2
   535 | D:1      | Reached XP level 3. HP: 34/34 MP: 3/3
   889 | D:2      | Reached skill level 3 in Long Blades
  1118 | D:2      | Gained mutation: You are partially covered in thin metallic scales. (AC +2) [demonic ancestry]
  1118 | D:2      | Reached XP level 4. HP: 25/40 MP: 4/4
  1262 | D:2      | Reached skill level 4 in Long Blades
  1352 | D:2      | Noticed Natasha
  1359 | D:2      | Killed Natasha
  1402 | D:2      | Gained mutation: A weak demonic guardian rushes to your aid. [demonic ancestry]
  1402 | D:2      | Reached XP level 5. HP: 46/46 MP: 5/5
  1462 | D:2      | Noticed Natasha
  1473 | D:2      | Killed Natasha
  1913 | D:3      | Reached skill level 5 in Long Blades
  2482 | D:3      | Gained mutation: You have a pair of small horns on your head. [demonic ancestry]
  2482 | D:3      | Reached XP level 6. HP: 51/52 MP: 6/6
  2689 | D:4      | Found a staircase to the Ecumenical Temple.
  2717 | Temple   | Entered the Ecumenical Temple
  3012 | Temple   | Became a worshipper of Warmaster Okawaru
  3204 | D:4      | Found an ancient bone altar of Kikubaaqudgha.
  3205 | D:4      | Noticed a hungry ghost
  3208 | D:4      | Found a transporter.
  3228 | D:4      | Reached skill level 6 in Long Blades
  3234 | D:4      | Found a transporter.
  3403 | D:3      | Found a radiant altar of Vehumet.
  3403 | D:3      | Found a shimmering altar of Xom.
  3881 | D:4      | Noticed Blork the orc
  3890 | D:4      | Killed Blork the orc
  3890 | D:4      | Reached XP level 7. HP: 58/58 MP: 7/7
  3933 | D:4      | Reached skill level 7 in Long Blades
  4116 | D:5      | Entered Level 5 of the Dungeon
  4378 | D:5      | Reached * piety under Okawaru
  4436 | D:5      | Reached skill level 8 in Long Blades
  4685 | D:5      | Reached skill level 1 in Invocations
  4945 | D:5      | Reached skill level 2 in Invocations
  4945 | D:5      | Reached XP level 8. HP: 64/64 MP: 7/9
  5034 | D:5      | Reached skill level 1 in Armour
  5048 | D:5      | Found Zoenneg's General Store.
  5053 | D:5      | Bought a scroll of identify for 22 gold pieces
  5066 | D:5      | Reached ** piety under Okawaru
  5348 | D:5      | Reached skill level 9 in Long Blades
  5549 | D:5      | Reached skill level 2 in Armour
  6074 | D:6      | Found a glowing drain.
  6091 | Sewer    | Entered a sewer
  7163 | D:6      | Reached skill level 3 in Armour
  7304 | D:7      | Noticed a hippogriff
  7317 | D:7      | Killed a hippogriff
  7450 | D:7      | Reached *** piety under Okawaru
  7450 | D:7      | Gained mutation: You are mostly covered in thin metallic scales. (AC +3) [demonic ancestry]
  7450 | D:7      | Reached XP level 9. HP: 67/69 MP: 10/10
  7518 | D:7      | Reached skill level 10 in Long Blades
  7526 | D:7      | Found Cilae's Magic Scroll Boutique.
  7531 | D:7      | Bought a scroll of identify for 28 gold pieces
  7531 | D:7      | Bought a scroll of identify for 28 gold pieces
  7531 | D:7      | Bought a scroll of identify for 28 gold pieces
  7531 | D:7      | Bought a scroll of teleportation for 42 gold pieces
  7938 | D:7      | Reached skill level 4 in Armour
  8057 | D:7      | You fall through a shaft for 2 floors!
  8150 | D:8      | Found a flagged portal.
  8167 | Bailey   | Entered a bailey
  8174 | Bailey   | Noticed an orc knight
  9014 | Bailey   | Killed an orc knight
  9014 | Bailey   | Reached skill level 11 in Long Blades
  9014 | Bailey   | Reached skill level 5 in Armour
  9379 | D:8      | Reached **** piety under Okawaru
  9469 | D:8      | Found a staircase to the Lair.
  9924 | D:8      | Gained mutation: You are significantly more attuned to the shadows. [demonic ancestry]
  9924 | D:8      | Reached XP level 10. HP: 63/76 MP: 11/11
 10022 | D:8      | Found a bloodstained altar of Trog.
 10047 | D:8      | Found an opulent altar of Gozag.
 10485 | Lair:1   | Entered Level 1 of the Lair of Beasts
 10538 | Lair:1   | Noticed a black mamba
 10543 | Lair:1   | Killed a black mamba
 10543 | Lair:1   | Reached skill level 6 in Armour
 10828 | Lair:1   | Noticed an oklob plant
 10828 | Lair:1   | Noticed an oklob plant
 10950 | Lair:1   | Reached skill level 12 in Long Blades
 11312 | Lair:1   | Noticed a spiny frog
 11325 | Lair:1   | Noticed an eight-headed hydra
 11328 | Lair:1   | HP: 22/76 [poisoned by a spiny frog]
 11333 | Lair:1   | HP: 20/76 [poisoned by a spiny frog]
 11338 | Lair:1   | HP: 19/76 [poisoned by a spiny frog]
 11345 | Lair:1   | HP: 19/76 [poisoned by a spiny frog]
 11353 | Lair:1   | HP: 19/76 [poisoned by a spiny frog]
 12422 | D:9      | Reached skill level 7 in Armour
 12983 | Lair:1   | Reached ***** piety under Okawaru
 13431 | Lair:1   | Killed an eight-headed hydra
 13431 | Lair:1   | Received a gift from Okawaru
 13461 | Lair:1   | HP: 23/77 [spiny frog (16)]
 13467 | Lair:1   | Killed a spiny frog
 13467 | Lair:1   | Gained mutation: You are completely attuned to the shadows. [demonic ancestry]
 13467 | Lair:1   | Reached XP level 11. HP: 25/83 MP: 9/12
 14240 | Lair:2   | Reached skill level 13 in Long Blades
 14293 | Lair:1   | Reached skill level 7 in Fighting
 14509 | Lair:2   | Learned a level 1 spell: Summon Butterflies
 14511 | Lair:2   | Learned a level 1 spell: Apportation
 14910 | Lair:2   | HP: 25/84 [komodo dragon (8)]
 14914 | Lair:2   | Slain by a komodo dragon

Skill      XL: |  1  2  3  4  5  6  7  8  9 10 11 |
---------------+----------------------------------+-----
Long Blades    | 2 3 4 5 6 8 9 11 12 13 | 13.1
Invocations    | 2 |  2.0
Armour         | 3 5 7 |  7.9
Fighting       | 7 |  7.1
Stealth        | |  1.0
Shields        | |  1.0
Evocations     | |  1.0

Action                   |  1- 3 |  4- 6 |  7- 9 | 10-12 || total
-------------------------+-------+-------+-------+-------++-------
Melee: Falchion          |   119 |   221 |   529 |   356 ||  1225
       Headbutt          |       |    14 |    88 |    87 ||   189
       Punch             |       |       |     1 |     1 ||     2
Throw: Stone             |    10 |     2 |     4 |       ||    16
       Tomahawk          |       |     7 |    60 |    34 ||   101
Invok: Heroism           |       |       |     3 |     6 ||     9
Evoke: Wand              |       |       |       |     9 ||     9
  Use: Scroll            |     2 |     3 |    18 |     2 ||    25
       Potion            |       |       |     2 |     3 ||     5
 Stab: Sleeping          |     5 |     8 |     3 |     4 ||    20
       Distracted        |       |       |     3 |     1 ||     4
  Eat: Chunk             |       |    21 |    22 |    21 ||    64
Armor: Ring mail         |    52 |   114 |   239 |    33 ||   438
       Robe              |     1 |       |       |       ||     1
       Plate armour      |       |       |       |   118 ||   118
Dodge: Dodged            |    68 |    78 |   267 |    75 ||   488
       Rpst.: Falchion   |    25 |    23 |    70 |    29 ||   147

Table legend:
 A = Turns spent in this place as a percentage of turns spent in the entire game.
 B = Non-inter-level travel turns spent in this place as a percentage of non-inter-level travel turns spent in the entire game.
 C = Inter-level travel turns spent in this place as a percentage of turns spent in this place.
 D = Turns resting spent in this place as a percentage of non-inter-level travel turns spent in this place.
 E = Turns spent auto-exploring this place as a percentage of non-inter-level travel turns spent in this place.
 F = Non-inter-level travel turns spent in this place divided by the number of levels of this place that you've seen.
                   A       B       C       D       E      F
               +-------+-------+-------+-------+-------+----------------------
         Total | 100.0 | 100.0 |   4.9 |  25.2 |  43.3 | 1013.5
       Dungeon |  69.6 |  69.8 |   4.6 |  19.7 |  48.4 | 1100.4
        Temple |   2.5 |   1.6 |  39.5 |   0.0 |  98.6 | 222.0
          Lair |  18.9 |  19.2 |   3.5 |  40.6 |  36.1 | 1360.0
         Sewer |   2.1 |   2.2 |   0.0 |   0.0 |  35.5 | 307.0
        Bailey |   6.9 |   7.3 |   0.0 |  49.2 |   4.0 | 1036.0
               +-------+-------+-------+-------+-------+----------------------

Vault maps used:
D:1:      minmay_arrival_hallway
D:2:      first_ration, uniq_natasha
D:3:      nicolae_overflow_hidden_temple
D:4:      gammafunk_temple_overflow_arena, minmay_temple_entry_crystal_x,
          uniq_blork_the_orc
D:5:      cheibrodos_fzero, serial_shops, shop
D:6:      gup_sewer_entry_bubbles
D:7:      serial_shops, shop, dk_noncrumbling_2
D:8:      lemuel_crystal_altar, lightli_temple_of_fire, dpeg_oklobed_lair,
          enter_bailey_3
Temple:   minmay_temple_bridge_d
Lair:1:   minmay_stone_trees_medium, minmay_lair_oklob_chamber,
          grunt_megastairs_3, serial_bayou_shore_b, infiniplex_staircase_pool
Lair:2:   beast_lair_carwin_7
Sewer:    kennysheep_pipe_town
Bailey:   bailey_axe_4, bailey
